Cogmind - Beta 11 X6 @@@ ROGUE MODE // 2021.08.07 @ 19:21:45 Player: Olga Result: Self-destructed Performance ------------- Evolutions (3) 1500 Regions Visited (8) 1600 Robots Destroyed (61) 305 Value Destroyed (1946) 1946 Prototype IDs (23) 460 Alien Tech Used (0) 0 Bonus (414) 414 TOTAL SCORE: 6225 Bonus ------- High Alert Combat Kills 74 Follower Combat Kills 40 Aligned with FarCom 300 Cogmind --------- Core Integrity 476/700 Matter 200/450 Energy 100/100 System Corruption 1% Temperature Cool (9) Movement Walking (290) Ox2 Location -7/Factory Parts ------- > --- POWER (1) -------- (None) > --- PROPULSION (6) --- Improved Titanium Leg > --- UTILITY (4) ------ High-capacity Storage Unit Large Matter Pod Signal Interpreter Core Shielding > --- WEAPON (2) ------- (None) > --- INVENTORY (20) --- Deuterium Engine Light Nuclear Core Improved Titanium Leg Improved Titanium Leg Large Matter Pod (150) Signal Interpreter Improved Terrain Scanner Improved Terrain Scan Processor ECM Suite Reactive Plating Hacking Suite Hacking Suite Grenade Launcher Grenade Launcher Field Lobotomy Kit (4) Peak State ------------ > --- POWER ------------ Light Nuclear Core > --- PROPULSION ------- Aluminum Leg Aluminum Leg Aluminum Leg Aluminum Leg Carbon-fiber Leg Improved Titanium Leg > --- UTILITY ---------- High-capacity Storage Unit Large Matter Pod Signal Interpreter Reactive Plating > --- WEAPON ----------- Autogun High-powered Shotgun > --- INVENTORY -------- Deuterium Engine Light Nuclear Core Light Nuclear Core Improved Titanium Leg Improved Titanium Leg Improved Titanium Leg Large Matter Pod Signal Interpreter Improved Terrain Scanner Improved Terrain Scan Processor ECM Suite Core Shielding Medium Armor Plating Reactive Plating Hacking Suite Hacking Suite Autogun Grenade Launcher Grenade Launcher Field Lobotomy Kit [Rating: 30] Favorites ----------- Power Ion Engine Engine Ion Engine Power Core Light Nuclear Core Propulsion Aluminum Leg Leg Aluminum Leg Wheel Wheel Utility Signal Interpreter Device Shield Generator Storage Small Storage Unit Processor Signal Interpreter Protection Medium Armor Plating Weapon Minigun Energy Gun Particle Gun Ballistic Gun Minigun Ballistic Cannon Assault Cannon Launcher Grenade Launcher Special Weapon Field Lobotomy Kit Build | -11 -10 -10 -9 -9 -9 -8 -8 -7 ------- Run | Scr Mat Min Mat Min Exi Min Mat Fac Slots Evolved 6 | . . . 2 . . . 2 2 Power . | . . . . . . . . . Propulsion 4 | . . . 2 . . . 2 . Utility 2 | . . . . . . . . 2 Weapon . | . . . . . . . . . Parts Attached 84 | 6 13 . 18 11 . 1 14 21 Power 11 | 1 3 . 2 1 . . 1 3 Engine 6 | 1 3 . 2 . . . . . Core 5 | . . . . 1 . . 1 3 Reactor . | . . . . . . . . . Propulsion 36 | 2 2 . 9 5 . . 10 8 Treads . | . . . . . . . . . Leg 32 | 2 2 . 9 1 . . 10 8 Wheel 4 | . . . . 4 . . . . Hover . | . . . . . . . . . Flight . | . . . . . . . . . Utility 15 | 1 3 . 3 4 . . . 4 Device 3 | . 3 . . . . . . . Storage 6 | 1 . . . 4 . . . 1 Processor 1 | . . . 1 . . . . . Hackware . | . . . . . . . . . Protection 5 | . . . 2 . . . . 3 Artifact . | . . . . . . . . . Weapon 22 | 2 5 . 4 1 . 1 3 6 Energy Gun 2 | . . . . . . . 2 . Energy Cannon . | . . . . . . . . . Ballistic Gun 16 | 2 5 . 2 1 . 1 1 4 Ballistic Cannon 1 | . . . . . . . . 1 Launcher 2 | . . . 2 . . . . . Special Weapon 1 | . . . . . . . . 1 Impact Weapon . | . . . . . . . . . Slashing Weapon . | . . . . . . . . . Piercing Weapon . | . . . . . . . . . Special Melee Weapon . | . . . . . . . . . Unidentified Prototypes . | . . . . . . . . . Parts Lost 24 | . 2 . . 1 . 3 5 13 Power 3 | . . . . . . . 1 2 Propulsion 10 | . . . . . . 2 2 6 Utility 2 | . 1 . . . . . . 1 Weapon 9 | . 1 . . 1 . 1 2 4 Highest Loss Streak 8 | . 1 . . 1 . 3 3 8 Average Slot Usage (%) 97 | . 98 100 99 99 100 78 95 94 Engine 7 | . 14 14 11 8 . . . . Core 3 | . . . . 2 11 11 9 6 Leg 33 | . 28 28 43 37 . . 52 43 Wheel 6 | . . . . 6 44 23 . . Device 2 | . 13 14 1 . . . . . Storage 11 | . 14 14 11 11 11 11 9 15 Processor 7 | . . . 5 11 11 11 9 7 Protection 1 | . . . 3 . . . . 6 Ballistic Gun 20 | . 27 28 19 21 22 21 15 9 Naked Turns . | . . . . . . . . . Heaviest Build 64 | 10 14 14 23 51 51 51 51 64 Greatest Support 75 | 20 20 20 43 43 40 40 65 75 Greatest Overweight (x) 5 | 2 . . . 5 1 2 . 2 Average Overweight (x) . | . . . . . 1 1 . . Largest Inventory Capacity 20 | 8 8 8 8 20 20 20 20 20 Average Capacity 13 | 7 8 8 8 11 20 20 20 20 Most Carried 20 | 6 8 8 8 20 20 20 20 20 Average Carried 12 | 3 7 8 7 9 20 19 18 19 Final Capacity 20 | 8 8 8 8 20 20 20 20 20 Final Carried 20 | 6 8 8 8 20 20 20 20 15 Class Distribution -------------------- 86% | Scavenger-Mutant 13% | Mutant Dominant Class ---------------- Mutant | -10/Materials Scavenger-Mutant | -10/Mines Scavenger-Mutant | -9/Materials Scavenger-Mutant | -9/Mines Scavenger-Mutant | -9/Exiles Scavenger-Mutant | -8/Mines Scavenger-Mutant | -8/Materials Scavenger-Mutant | -7/Factory Resources | -11 -10 -10 -9 -9 -9 -8 -8 -7 ----------- Run | Scr Mat Min Mat Min Exi Min Mat Fac Matter Collected 1878 | 180 307 18 628 285 . 74 336 50 Remotely . | . . . . . . . . . Salvage Created 2161 | . 400 42 912 133 . 143 408 123 Parts 123 | . 30 1 56 2 . 2 18 14 Haulers Intercepted . | . . . . . . . . . Recyclers Shooed . | . . . . . . . . . Parts Field Recycled . | . . . . . . . . . Retrieved Matter . | . . . . . . . . . Parts Self-Destructed . | . . . . . . . . . Prevented . | . . . . . . . . . Kills | -11 -10 -10 -9 -9 -9 -8 -8 -7 ------- Run | Scr Mat Min Mat Min Exi Min Mat Fac Combat Hostiles Destroyed 64 | . 13 3 23 8 . 3 9 5 Guns 58 | . 13 3 17 8 . 3 9 5 AOE 6 | . . . 6 . . . . . Classes Destroyed 8 | . 2 . 3 1 . . 1 1 Worker 1 | . . . . . . . 1 . Watcher 2 | . . . 2 . . . . . Swarmer 17 | . 5 3 3 2 . . . 4 Grunt 32 | . 8 . 13 . . 2 9 . Brawler 2 | . . . 1 . . 1 . . Sentry 6 | . . . 6 . . . . . Programmer 1 | . . . . . . . . 1 Assembled 6 | . . . . 6 . . . . Best Kill Streak 6 | . 4 3 6 2 . 3 4 4 Combat Bots Only 6 | . 4 3 6 2 . 3 4 4 Max Kills in Single Turn 2 | . 1 1 2 1 . 1 2 1 Gunslinging 1 | . . . 1 . . . . . Exploded 2 | . . . 2 . . . . . Melee . | . . . . . . . . . Uniques/NPCs Destroyed . | . . . . . . . . . Combat | -11 -10 -10 -9 -9 -9 -8 -8 -7 -------- Run | Scr Mat Min Mat Min Exi Min Mat Fac Damage Taken 4168 | . 477 53 843 209 . 393 619 1574 Core 598 | . 74 20 135 19 . 97 29 224 Absorbed by Shields 201 | . 168 24 9 . . . . . Core Remaining (%) 73 | 100 . 62 . . . 37 94 . Volleys Fired 206 | . 54 9 50 24 . 11 32 26 Largest 2 | . 2 2 2 2 . 2 2 2 Hottest 90 | . 40 40 60 50 . 50 48 90 Shots Fired 404 | . 107 18 100 45 . 22 63 49 Gun 388 | . 107 18 92 45 . 22 63 41 Cannon 7 | . . . . . . . . 7 Launcher 8 | . . . 8 . . . . . Special 1 | . . . . . . . . 1 Kinetic 386 | . 107 18 92 45 . 22 63 39 Thermal 9 | . . . . . . . . 9 Explosive 8 | . . . 8 . . . . . Electromagnetic . | . . . . . . . . . Robot Hit Streak 26 | . 26 4 10 9 . 5 8 15 Robot Miss Streak 4 | . 3 3 3 3 . 2 2 4 Penetration Max . | . . . . . . . . . Secondary Targets 7 | . 2 . 2 . . 2 . 1 Max Gunslinging Chain 1 | . 1 . 1 . . 1 . 1 Shots Hit Robots 254 | . 75 9 58 19 . 16 51 26 Core Hits 131 | . 34 4 41 12 . 6 22 12 Critical Kills 1 | . . . . . . . 1 . Critical Parts Destroyed 3 | . 1 . . . . 1 1 . Critical Strikes 4 | . 1 . . . . 1 2 . Destroy 4 | . 1 . . . . 1 2 . Melee Attacks . | . . . . . . . . . Impact . | . . . . . . . . . Slashing . | . . . . . . . . . Piercing . | . . . . . . . . . Sneak Attacks . | . . . . . . . . . Combat Hostiles . | . . . . . . . . . Follow-up Attacks . | . . . . . . . . . Damage Inflicted 4061 | . 596 69 1440 349 . 273 886 448 Guns 3490 | . 596 69 975 349 . 273 886 342 Cannons 92 | . . . . . . . . 92 Explosions 465 | . . . 465 . . . . . Melee . | . . . . . . . . . Ramming 14 | . . . . . . . . 14 Kinetic 3530 | . 596 69 975 349 . 273 886 382 Thermal 52 | . . . . . . . . 52 Explosive 465 | . . . 465 . . . . . Electromagnetic . | . . . . . . . . . Impact . | . . . . . . . . . Slashing . | . . . . . . . . . Piercing . | . . . . . . . . . Highest Corruption 2 | . 2 2 . . . . . 1 Average Corruption 1 | . 2 2 . . . . . 1 Corruption Purged . | . . . . . . . . . Effects 3 | . 1 2 . . . . . . Message Errors 1 | . 1 . . . . . . . Energy Discharges 1 | . . 1 . . . . . . Data Loss (minor) 1 | . . 1 . . . . . . Overload Shots . | . . . . . . . . . Overflow Damage . | . . . . . . . . . Projectiles . | . . . . . . . . . Explosions . | . . . . . . . . . Melee . | . . . . . . . . . Knockbacks . | . . . . . . . . . Impact . | . . . . . . . . . Kinetic . | . . . . . . . . . Secondary . | . . . . . . . . . Self-Inflicted Damage . | . . . . . . . . . Shots . | . . . . . . . . . Rammed . | . . . . . . . . . Targets Rammed 2 | . . . . . . . . 2 Kicked 2 | . . . . . . . . 2 Crushed . | . . . . . . . . . Highest Temperature 216 | . 18 . 80 16 . 91 19 216 Average Temperature 28 | . 6 . 22 4 . 43 4 72 Received Heat Transfer 1525 | . 136 . 336 . . 225 315 513 Siege Activations . | . . . . . . . . . Robots Corrupted . | . . . . . . . . . Combat Hostiles . | . . . . . . . . . Parts Fried . | . . . . . . . . . Impact Corruptions . | . . . . . . . . . Robots Melted . | . . . . . . . . . Combat Hostiles . | . . . . . . . . . Parts Melted . | . . . . . . . . . Heat Transferred 111 | . . . . . . . . 111 Parts Sabotaged . | . . . . . . . . . Parts Stolen . | . . . . . . . . . Parts Stripped . | . . . . . . . . . Power Chain Reactions . | . . . . . . . . . Missiles Intercepted . | . . . . . . . . . Alert | -11 -10 -10 -9 -9 -9 -8 -8 -7 ------- Run | Scr Mat Min Mat Min Exi Min Mat Fac Peak Influence 626 | . 230 96 626 288 . 50 191 122 Initial 208 | . . 26 37 208 . . 19 16 Average 157 | . 118 44 366 153 . 46 48 24 Maximum Alert Level 2 | . 1 . 2 1 . . . . Low Security (%) 67 | 100 87 100 17 55 . 100 100 100 Level 1 20 | . 12 . 31 44 . . . . Level 2 12 | . . . 50 . . . . . Level 3 . | . . . . . . . . . Level 4 . | . . . . . . . . . Level 5 . | . . . . . . . . . High Security . | . . . . . . . . . Max Security . | . . . . . . . . . Squads Dispatched 11 | . 2 1 2 . . . 1 5 Investigation 4 | . 1 1 . . . . 1 1 Extermination 1 | . . . . . . . . 1 Reinforcement 3 | . 1 . 2 . . . . . Assault . | . . . . . . . . . Garrison 3 | . . . . . . . . 3 Intercept . | . . . . . . . . . Construction Impeded . | . . . . . . . . . Haulers Reinforced . | . . . . . . . . . Active Scanning Responses . | . . . . . . . . . Cargo Convoy Interrupts . | . . . . . . . . . Stealth | -11 -10 -10 -9 -9 -9 -8 -8 -7 --------- Run | Scr Mat Min Mat Min Exi Min Mat Fac Distress Signals 6 | . 2 . 2 . . . 2 . Communications Jammed . | . . . . . . . . . Distress Signals . | . . . . . . . . . Times Spotted 122 | . 24 5 37 20 . 3 21 12 Peak Tracking Total 8 | . 6 3 8 5 . 3 6 4 Tactical Retreats 16 | . 2 . 4 9 . . . 1 Traps | -11 -10 -10 -9 -9 -9 -8 -8 -7 ------- Run | Scr Mat Min Mat Min Exi Min Mat Fac Traps Triggered 10 | . 5 . . . . . 1 4 Indirectly . | . . . . . . . . . Trap Hack Attempts . | . . . . . . . . . Triggered . | . . . . . . . . . Disarmed . | . . . . . . . . . Reprogrammed . | . . . . . . . . . Reused . | . . . . . . . . . Traps Extracted . | . . . . . . . . . Installed . | . . . . . . . . . Triggered . | . . . . . . . . . Machines | -11 -10 -10 -9 -9 -9 -8 -8 -7 ---------- Run | Scr Mat Min Mat Min Exi Min Mat Fac Machines Disabled . | . . . . . . . . . Max in Single Turn . | . . . . . . . . . Machines Sabotaged . | . . . . . . . . . Garrisons Compromised . | . . . . . . . . . Overloaded Fab Kills . | . . . . . . . . . Fab Network Shutdowns . | . . . . . . . . . Hacking | -11 -10 -10 -9 -9 -9 -8 -8 -7 --------- Run | Scr Mat Min Mat Min Exi Min Mat Fac Machines Accessed 10 | . 3 1 1 . 1 . 1 3 Terminals 7 | . 3 1 1 . . . 1 1 Fabricators . | . . . . . . . . . Repair Stations . | . . . . . . . . . Recycling Units . | . . . . . . . . . Scanalyzers 1 | . . . . . . . . 1 Garrison Access 1 | . . . . . . . . 1 Total Hacks 22 | . 9 3 1 . 1 . 2 6 Successful 7 | . 3 . . . 1 . 1 2 Failed 15 | . 6 3 1 . . . 1 4 Catastrophic 5 | . 3 1 . . . . . 1 Database Lockouts . | . . . . . . . . . Manual 17 | . 7 3 1 . 1 . 2 3 Terminals 18 | . 9 3 1 . . . 2 3 Fabricators . | . . . . . . . . . Repair Stations . | . . . . . . . . . Recycling Units . | . . . . . . . . . Scanalyzers 1 | . . . . . . . . 1 Garrison Access 2 | . . . . . . . . 2 Terminal Hacks 6 | . 3 . . . 1 . 1 1 Level Access Points 1 | . . . . . . . 1 . Branch Access Points 1 | . 1 . . . . . . . Alert Level 1 | . 1 . . . . . . . Unreport Threat 2 | . 1 . . . . . . 1 EX-Prototype ID Bank 1 | . . . . . 1 . . . Fabricator Hacks . | . . . . . . . . . Repair Station Hacks . | . . . . . . . . . Recycling Unit Hacks . | . . . . . . . . . Scanalyzer 1 | . . . . . . . . 1 Insert Component 1 | . . . . . . . . 1 Garrison Access Hacks . | . . . . . . . . . Unauthorized Hacks . | . . . . . . . . . Terminals . | . . . . . . . . . Fabricators . | . . . . . . . . . Repair Stations . | . . . . . . . . . Recycling Units . | . . . . . . . . . Scanalyzers . | . . . . . . . . . Garrison Access . | . . . . . . . . . Data Cores Recovered . | . . . . . . . . . Used . | . . . . . . . . . Hacking Detections 9 | . 3 1 1 . . . 1 3 Full Trace Events 3 | . 1 1 . . . . . 1 Feedback Events 1 | . . . . . . . . 1 Corruption 1 | . . . . . . . . 1 Feedback Blocked . | . . . . . . . . . Robot Schematics Acquired . | . . . . . . . . . Robots Built . | . . . . . . . . . Matter . | . . . . . . . . . Time . | . . . . . . . . . Total Robot Build Rating . | . . . . . . . . . Part Schematics Acquired . | . . . . . . . . . Parts Built . | . . . . . . . . . Matter . | . . . . . . . . . Time . | . . . . . . . . . Total Part Build Rating . | . . . . . . . . . Parts Repaired . | . . . . . . . . . Time . | . . . . . . . . . Parts Recycled . | . . . . . . . . . Recycled Matter . | . . . . . . . . . Retrieved Matter . | . . . . . . . . . Retrieved Components . | . . . . . . . . . Parts Scanalyzed . | . . . . . . . . . Part Schematics Acquired . | . . . . . . . . . Parts Damaged . | . . . . . . . . . Bothacking | -11 -10 -10 -9 -9 -9 -8 -8 -7 ------------ Run | Scr Mat Min Mat Min Exi Min Mat Fac Used RIF Installer . | . . . . . . . . . Robots Hacked . | . . . . . . . . . Non-combat . | . . . . . . . . . Combat . | . . . . . . . . . Robot Hacks Applied . | . . . . . . . . . Relay Couplers Released . | . . . . . . . . . Robots Rewired . | . . . . . . . . . Allies Hacked . | . . . . . . . . . Hacks Repelled . | . . . . . . . . . Allies | -11 -10 -10 -9 -9 -9 -8 -8 -7 -------- Run | Scr Mat Min Mat Min Exi Min Mat Fac Total Allies 1 | . . . . . . . . 1 Largest Group 1 | . . . . . . . . 1 Highest-Rated Group 32 | . . . . . . . . 32 Highest-Rated Ally 32 | . . . . . . . . 32 Total Orders . | . . . . . . . . . Ally Attacks 3 | . . . . . . . . 3 Total Damage 187 | . . . . . . . . 187 Kills 1 | . . . . . . . . 1 Allies Corrupted . | . . . . . . . . . Allies Melted . | . . . . . . . . . Field Lobotomies 1 | . . . . . . . . 1 Intel | -11 -10 -10 -9 -9 -9 -8 -8 -7 ------- Run | Scr Mat Min Mat Min Exi Min Mat Fac Robot Analysis Total . | . . . . . . . . . Derelict Logs Recovered 1 | . . . . 1 . . . . Drone Launches . | . . . . . . . . . Drone Recoveries . | . . . . . . . . . Exploration | -11 -10 -10 -9 -9 -9 -8 -8 -7 ------------- Run | Scr Mat Min Mat Min Exi Min Mat Fac Turns Passed 4300 | 88 668 140 969 893 336 296 468 442 Spaces Moved 2789 | 57 379 98 618 605 350 240 204 238 Core 20 | 20 . . . . . . . . Treads . | . . . . . . . . . Legs 1999 | 37 379 98 618 425 . . 204 238 Wheels 770 | . . . . 180 350 240 . . Hover . | . . . . . . . . . Flight . | . . . . . . . . . Fastest Speed 50 | 50 120 120 120 95 95 95 120 120 Average Speed 117 | 124 120 120 120 122 95 109 120 126 Slowest Speed 290 | 150 120 120 120 200 95 110 120 290 Overloaded Moves . | . . . . . . . . . Propulsion Burnouts . | . . . . . . . . . Robots Hopped . | . . . . . . . . . Cave-ins Triggered . | . . . . . . . . . Exploration Rate (%) 40 | 4 57 25 54 93 82 30 17 6 Regions Visited 8 Branch Regions 4 Pre-discovered Areas 1 | . . . . 1 . . . . Known Exits Taken 6 | . 1 . 1 1 1 1 1 . Unknown Exits Taken 2 | 1 . 1 . . . . . . Scrap Searched 2 | . . . . 2 . . . . Spaces Dug . | . . . . . . . . . Terrain Destroyed 26 | . . . 26 . . . . . Melee . | . . . . . . . . . Projectile . | . . . . . . . . . AOE 26 | . . . 26 . . . . . Terrain Rammed . | . . . . . . . . . Walls Destroyed . | . . . . . . . . . Machines Disabled . | . . . . . . . . . Actions | -11 -10 -10 -9 -9 -9 -8 -8 -7 --------- Run | Scr Mat Min Mat Min Exi Min Mat Fac Total 3489 | 74 513 106 772 717 355 254 365 333 Wait 282 | . 39 . 61 54 . . 104 24 Move 2781 | 56 378 97 617 604 349 239 203 238 Hop . | . . . . . . . . . Pick Up 75 | 12 14 . 9 18 3 2 7 10 Fast Attach 20 | . 3 . 2 1 . . 4 10 Attach 28 | 6 3 . 2 1 . 1 7 8 Detach 1 | . . . . . . . . 1 Swap 36 | . 7 . 14 9 . . 3 3 Drop 58 | . 15 . 17 6 3 1 5 11 Fire 206 | . 54 9 50 24 . 11 32 26 Melee . | . . . . . . . . . Ram . | . . . . . . . . . Kick 2 | . . . . . . . . 2 Crush . | . . . . . . . . . Escape Stasis . | . . . . . . . . . Rewire . | . . . . . . . . . Trap . | . . . . . . . . . Miscellaneous . | . . . . . . . . . Route ------- -11/Scrapyard -10/Materials (discovered 3 exits: *Mat x2 / *Min) -10/Mines -9/Materials (discovered 3 exits: *Mat x2 / *Min) -9/Mines (discovered 2 exits: *Mat / *Exi) -9/Exiles (discovered 2 exits: *Min x2) -8/Mines -8/Materials (discovered 4 exits: *Fac x3 / [*Sto]) -7/Factory History --------- Turn | Location | Event 23 | -11/Scrapyard | Discovered new exit (range 16) 89 | -11/Scrapyard | Entered Materials 282 | -10/Materials | Discovered new exit (range 13) 314 | -10/Materials | Build established: Mutant 478 | -10/Materials | Discovered new exit (range 3) 665 | -10/Materials | Identified exit to Mines 757 | -10/Materials | Entered Mines 843 | -10/Mines | Discovered new exit (range 8) 886 | -10/Mines | Build established: Scavenger-Mutant 897 | -10/Mines | Entered Materials 897 | -9/Materials | Evolved 2 slots: Propulsion x2 1353 | -9/Materials | Discovered new exit (range 5) 1361 | -9/Materials | Identified exit to Materials 1784 | -9/Materials | Discovered exit to Materials (range 4) 1858 | -9/Materials | Discovered new exit (range 7) 1865 | -9/Materials | Identified exit to Mines 1866 | -9/Materials | Entered Mines 1889 | -9/Mines | Discovered exit to Materials (range 12) 2023 | -9/Mines | Assembled infested the area 2028 | -9/Mines | Assisted by a Guerilla fighting off Assembled 2755 | -9/Mines | Deemed a non-threat by the Exiles lab entrance 2755 | -9/Mines | Discovered new exit (range 5) 2758 | -9/Mines | Identified exit to Exiles 2759 | -9/Mines | Entered Exiles 2774 | -9/Exiles | Discovered new exit (range 15) 2784 | -9/Exiles | Met 8R-AWN 2801 | -9/Exiles | Met EX-HEX 2827 | -9/Exiles | Met EX-BIN 2837 | -9/Exiles | Aligned with FarCom system 2838 | -9/Exiles | Given EX-Vault access code 2860 | -9/Exiles | Opened EX-Vault 2873 | -9/Exiles | Found Field Lobotomy Kit 2893 | -9/Exiles | Warned to stay clear of 0b10 Research branches 2922 | -9/Exiles | Met EX-DEC 2973 | -9/Exiles | Visited The Gauntlet 3083 | -9/Exiles | Discovered new exit (range 12) 3092 | -9/Exiles | Identified exit to Mines 3095 | -9/Exiles | Left Exiles lab with Field Lobotomy Kit 3095 | -9/Exiles | Entered Mines 3112 | -8/Mines | Core integrity fell below 50% 3154 | -8/Mines | Lost 3 parts (2n1w) 3188 | -8/Mines | Discovered exit to Materials (range 13) 3391 | -8/Mines | Entered Materials 3391 | -8/Materials | Evolved 2 slots: Propulsion x2 3535 | -8/Materials | Identified exit to Factory 3538 | -8/Materials | Lost 3 parts (1p1n1w) 3859 | -8/Materials | Discovered new exit (range 15) 3859 | -8/Materials | Entered Factory 3859 | -7/Factory | Evolved 2 slots: Utility x2 4235 | -7/Factory | Assimilated Y-54 Guardian with FLK Orb 4267 | -7/Factory | Lost 5 parts (1p1n1u2w) 4301 | -7/Factory | Self-destructed Last Messages --------------- 04242_ Y-54 Guardian destroyed. 04255_ Y-54 Guardian emerges from the garrison. 04255_ Guardian 4a destroyed. 04255_ Garrison Access under remote control. 04267_ Carbon-fiber Leg destroyed. 04270_ Aluminum Leg destroyed. 04274_ Kicked Y-54 Guardian out of the way. 04276_ Kicked G-47 Trooper out of the way. 04277_ Acquired 8 matter. 04280_ Lgt. Nuclear Core destroyed. 04280_ Aluminum Leg destroyed. 04283_ Critical hit (Burn: +37). 04284_ Autogun destroyed. 04285_ Imp. Titanium Leg destroyed. 04290_ R-06 Scavenger collects Gravmag System. 04294_ R-06 Scavenger collects Target Analyzer. 04297_ R-06 Scavenger collects Mic. Nuclear Core. 04300_ R-06 Scavenger collects Imp. Heat Sink. 04300_ U-05 Engineer lays Concrete. 04300_ Assault Cannon destroyed. Map ----- +----------------------------------------------------+ | ???????????????????????????????????? """ """ / " | | ????????????????????????????????????# """ """ " | | ?????????????????????" ?????????????# | | ???????????????????""" ?????????????+ ? | | ???????????????????? ????????????# #?? | | ???????????????????""" ??????????# ??? | | ??????????????????"""" ??????????# ???? | | ?????????????????""""" #?????????# #????? | | ?????????????????""""" #?????????# ###### | | ????????????????? #?????????# # | | ??????????????????"""" #?????????# # | | ??????????????????"""" ########### # ! | | ??????????????????"""" ^ + | | ?????????????+ """""" ######## ##### # | | ?????????????# #??????# #???# # | | ?????????????# #??????# #???# # | | ?????????????# #??????# #####+###### | | ?????????????##########+####+#####??# # = | | ??????????????# r +?? # T | | ??????????????# Y #??# # """ """ | | ??????????????# " ! """""" #??# # """ """ | | ??????????????# ""!%] """""" #??? # """ """ | | ??????????????# G =g """""" #??? # | | ??????????????# ""%* """"""t #??? # """ """ | | ??????????????# "% g u #??? # """ """ | | ??????????????#%g !@ ! #??? # """ """ | | ??????????????#################+##??? # | | ????????????????????????????????????? # | | ??????????????????????????????????????# | | ??????????????????????????????????### ##########+# | | ????????????????????????????????? | | ????????????????????????????????? | | ????????????????????????????????? | | ????????????????????????????????? %%= | | ????????????????????????????????? ==% | | ?????????????????????????????????###############[# | | ?????????????????????????????????# =** | | ?????????????????????????????????# * | | ?????????????????????????????????# | | ?????????????????????????????????# """ """ """ | | ?????????????????????????????????# "" """ """ """ | | ?????????????????????????????????# S"" """ """ """ | | ?????????????????????????????????# "" | | ?????????????????????????????????################# | | ?????????????????????????????????????????????????# | | ?????????????????????????????????????????????????# | | ?????????????????????????????????????????????????# | | ?????????????????????????????????????????????????# | | ?????????????????????????????????????????????????# | | ?????????????????????????????????????????????????# | +----------------------------------------------------+ Best States ------------- Heat Dissipation 35 Energy Generation 14 Energy Capacity 250 Matter Stores 450 Matter Capacity 450 Sight Range 16 Terrain Scan Density 10 Armor Coverage 225 Resistance: KI 20 Core Shielding 20 Evasion (%) 55 Item Schematics ----------------- None Robot Schematics ------------------ None Fabricated ------------ Nothing Alien Tech Used ----------------- None Achievements -------------- None Challenges ------------ None Game ------ Seed AlloyShrapnelMinigun Manual? 0 Play Time 00:51:17 Cumulative 32.0 hours Start 2021.08.07 @ 18:29:35 End 2021.08.07 @ 19:21:45 Sessions 1 Manual Loads 0 Difficulty Rogue Special Mode None Game No. 45 Rogue 45 Adventurer 0 Explorer 0 Win Type - Total 0 Types 0/0/0/0/0/0/0/0/0 Lore% 24 Gallery% 31 Achievement% 22 Wizard Run 0 Options --------- ASCII 1 Keyboard 0 Movement Vi Keybinds 0 Fullscreen 2 Font 24/Smallcaps Map View 76x50 Tactical HUD 1 Map Filters NONE Filters NONE Steam 1 RUN: b5300b24-8831-4c09-a723-c597e432d62f